Map: New Repugnancy LE

Players

HeadBeagle - Winner!

  • Race: Terran Terran
  • League: Gold
  • Spawn Location: 7:00

ḺiXyFØx

  • Race: Protoss Protoss
  • League: Diamond
  • Spawn Location: 1:00

VOD

Have the link to the VOD?

Description

Time

  • Played on: April 16, 2019, 10:43 p.m.
  • Length: 12:55
Show
View Real Time Build Order
Export as new Build Order

HeadBeagle Terran - Winner!

Build Orders:  

Get SALT Encoding   

  12  0:01  SCV  
  13  0:13  SCV  
  14  0:21  Refinery  
  14  0:25  SCV  
  15  0:30  Supply Depot  
  15  0:51  SCV  
  16  0:57  Barracks  
  16  1:04  SCV  
  17  1:16  SCV  
  18  1:28  SCV  
  19  1:41  SCV  
  20  1:50  Supply Depot  
  20  1:58  Barracks Tech Lab  
  20  2:02  Orbital Command  
  20  2:03  Refinery  
  20  2:18  Command Center  
  20  2:19  Marauder  
  22  2:29  Bunker  
  22  2:31  SCV  
  23  2:40  Concussive Shells  
  23  2:53  Marauder  
  25  3:00  Factory  
  25  3:03  SCV  
  26  3:16  SCV  
  27  3:20  Refinery  
  27  3:21  Marine  
  27  3:26  Supply Depot  
  28  3:27  Stimpack  
  28  3:37  Barracks  
  28  3:39  Marine  
  29  3:43  Orbital Command  
  29  3:59  Engineering Bay  
  29  4:01  Marine  
  30  4:06  Factory Tech Lab  
  30  4:10  SCV  
  30  4:15  SCV  
  32  4:19  Marine  
  33  4:24  Supply Depot  
  33  4:28  Siege Tank  
  36  4:31  SCV  
  36  4:32  SCV  
  38  4:38  Missile Turret  
  38  4:43  SCV  
  38  4:44  SCV  
  40  4:55  Missile Turret  
  40  4:56  SCV x2  
  42  5:02  Marauder, Barracks Reactor  
  42  5:06  Supply Depot  
  44  5:17  Refinery  
  44  5:22  Barracks  
  44  5:23  Barracks  
  44  5:25  Marauder  
  46  5:29  Supply Depot  
  46  5:34  Combat Shield  
  46  5:43  Marine x2  
  46  5:45  SCV  
  46  5:46  SCV  
  50  5:55  Supply Depot  
  50  6:08  SCV x2  
  52  6:19  Terran Infantry Weapons Level 1  
  52  6:20  Missile Turret x2, Supply Depot, SCV x2  
  52  6:24  Engineering Bay  
  55  6:32  SCV  
  55  6:33  SCV  
  55  6:37  Barracks Tech Lab  
  55  6:38  Barracks Reactor  
  55  6:39  Supply Depot  
  56  6:43  Barracks  
  56  6:44  SCV  
  56  6:45  SCV  
  58  6:48  Supply Depot  
  58  6:50  Terran Infantry Armor Level 1  
  60  6:54  Marauder, Marine  
  60  6:55  Marine  
  60  6:57  Marine  
  60  6:59  SCV  
  64  7:11  Armory, Supply Depot  
  64  7:16  Marine x2  
  64  7:17  Marine x4  
  70  7:23  Siege Tank  
  73  7:33  Supply Depot, Barracks Reactor  
  73  7:49  Marine  
  73  7:50  Marauder x2, Marine x3  
  81  7:53  Missile Turret  
  81  8:01  Terran Vehicle And Ship Armor Level 1  
  81  8:03  Starport  
  81  8:07  Marine  
  81  8:08  Marine x2  
  84  8:15  Marine, Sensor Tower  
  84  8:16  Marauder x2, Marine  
  90  8:24  SCV x2  
  92  8:36  SCV x2  
  94  8:49  Command Center  
  94  8:53  Marine x3  
  97  9:06  Marine x5  
  97  9:09  Starport Reactor  
  102  9:11  Marine  
  102  9:17  Missile Turret, SCV x2  
  104  9:22  Terran Infantry Weapons Level 2  
  105  9:27  Terran Infantry Armor Level 2  
  105  9:29  Marine, SCV  
  105  9:30  Marine  
  108  9:36  SCV  
  109  9:41  SCV  
  110  9:47  Marine x4  
  110  9:48  Supply Depot, Marine, SCV  
  116  9:54  Medivac x2  
  120  10:12  Orbital Command  
  120  10:14  Marine  
  120  10:15  Marine x5  
  120  10:17  Missile Turret  
  126  10:24  Medivac x2  
  130  10:32  Ghost Academy  
  130  10:35  Ghost Academy  
  130  10:37  Ghost Academy  
  130  10:38  Refinery x2  
  130  10:39  SCV x3  
  133  10:51  SCV x3  
  133  10:54  Siege Tank  
  139  11:04  Ghost x2  
  139  11:09  Nuke, Personal Cloaking  
  139  11:10  Nuke  
  143  11:20  Medivac x2  
  147  11:33  Ghost  
  147  11:36  Supply Depot x3  
  149  11:43  Siege Tank  
  144  11:50  Marauder, Marine  
  144  11:51  Marine  
  144  11:52  Marine  
  149  11:56  Marine  
  129  12:02  Marauder  
  119  12:12  Marauder  
  90  12:23  Marauder  
Show
View Real Time Build Order
Export as new Build Order

ḺiXyFØx Protoss 

Build Orders: 1 Gate Expand, Archon Immortal 

Get SALT Encoding   

  12  0:00  Probe  
  13  0:13  Probe  
  14  0:17  Pylon  
  14  0:25  Probe  
  15  0:36  Gateway  
  15  0:38  Probe  
  16  0:46  Probe  
  16  0:48  Assimilator  
  16  0:55  Probe  
  18  1:05  Probe  
  19  1:17  Probe  
  20  1:33  Nexus  
  20  1:40  Cybernetics Core  
  20  1:47  Assimilator  
  20  1:53  Probe  
  21  2:03  Probe  
  21  2:07  Warp Gate  
  22  2:11  Probe  
  22  2:15  Pylon  
  23  2:33  Stalker, Twilight Council  
  23  2:35  Pylon  
  25  2:41  Probe x2  
  27  2:54  Probe, Robotics Facility  
  27  2:55  Probe  
  28  2:58  Pylon  
  29  3:06  Stalker  
  29  3:09  Probe  
  29  3:12  Probe  
  33  3:21  Probe  
  33  3:24  Probe  
  35  3:29  Forge  
  35  3:34  Probe  
  36  3:36  Probe  
  37  3:42  Gateway  
  37  3:45  Gateway  
  37  3:48  Observer  
  37  3:50  Probe x2  
  40  4:01  Assimilator  
  40  4:02  Probe x2  
  42  4:09  Sentry  
  44  4:10  Protoss Ground Weapons Level 1  
  44  4:11  Immortal  
  44  4:14  Probe x2  
  50  4:26  Probe x2  
  50  4:31  Assimilator  
  53  4:38  Probe x2  
  53  4:43  Stalker, Pylon  
  53  4:44  Stalker  
  53  4:45  Sentry  
  60  4:47  Pylon  
  60  4:56  Immortal  
  60  5:02  Probe  
  65  5:14  Nexus  
  65  5:17  Pylon  
  65  5:34  Gateway, Pylon  
  65  5:38  Gateway  
  65  5:41  Immortal  
  69  5:48  Pylon  
  69  5:52  Pylon x2  
  69  5:54  Charge  
  69  5:56  Zealot x2  
  73  6:04  Stalker  
  75  6:21  Stargate  
  75  6:24  Templar Archives  
  75  6:27  Probe x2  
  75  6:28  Probe  
  78  6:35  Probe x2  
  80  6:40  Probe, Immortal  
  80  6:41  Stalker  
  80  6:43  Stalker  
  80  6:45  Probe  
  89  6:50  Probe  
  89  6:52  Probe, Protoss Ground Weapons Level 2  
  92  6:57  Probe  
  92  6:59  Robotics Bay  
  93  7:02  High Templar  
  93  7:03  Zealot, High Templar  
  93  7:08  Archon  
  99  7:10  Oracle  
  99  7:11  Probe x2  
  99  7:12  Probe  
  102  7:16  Assimilator  
  102  7:20  Assimilator  
  105  7:23  Probe x2  
  105  7:24  Probe  
  105  7:27  Observer  
  109  7:35  Probe  
  109  7:38  Probe x2  
  109  7:43  Probe  
  112  7:44  Nexus  
  112  7:45  Psionic Storm  
  112  7:46  Pylon  
  112  7:50  Probe x2  
  115  7:53  High Templar  
  115  7:54  Zealot x2  
  115  7:55  Zealot  
  123  8:11  Probe x3  
  126  8:18  High Templar x2  
  130  8:20  High Templar  
  130  8:21  Zealot  
  130  8:23  Probe x3, Archon  
  137  8:35  Probe x2  
  139  8:48  High Templar  
  141  8:54  Pylon  
  141  8:55  Pylon  
  141  8:56  Pylon  
  141  8:58  Probe x2, Pylon  
  141  8:59  Pylon  
  141  9:00  Assimilator  
  141  9:01  Probe  
  141  9:02  Probe  
  145  9:04  High Templar x2, Assimilator  
  145  9:05  High Templar x2  
  145  9:08  Pylon  
  153  9:11  Archon  
  153  9:13  Archon  
  153  9:20  Gateway x2  
  153  9:23  Gateway  
  153  9:26  Gateway  
  153  9:27  Gateway  
  153  9:32  Probe x2  
  153  9:34  Probe  
  156  9:40  Forge  
  156  9:41  Zealot x4  
  156  9:42  Zealot  
  166  9:47  Protoss Ground Weapons Level 3  
  166  9:51  Colossus  
  172  10:19  High Templar x6  
  172  10:20  Zealot  
  172  10:21  Zealot x3  
  190  10:24  Archon x2  
  190  10:25  Archon  
  192  10:37  Colossus, Extended Thermal Lance  
  192  10:49  Protoss Shields Level 1  
  195  11:25  High Templar x2  
  197  11:29  Archon  
  166  12:19  Zealot  
  166  12:20  Zealot x4  
  166  12:21  Zealot x5  
Tags
 
Add a new tag
Caveats
  • Supply blocks, unpowered buildings, or Contaminate may cause inaccurate times.
  • Supply counts are checked every 10 seconds.